 Dungeon Crawl Stone Soup version 0.25.1-2-g60ff931df9 (webtiles) character file.

Game seed: 9795700983506614872

30 Cunning1Sparkmage the Ducker (level 3, 0/24 HPs)
             Began as a Merfolk Air Elementalist on Sept 12, 2020.
             Killed themself with a bounced zap (2 damage)
             ... on level 2 of the Dungeon.
             The game lasted 00:04:33 (1625 turns).

Cunning1Sparkmage the Ducker (MfAE)                 Turns: 1625, Time: 00:04:33

Health: 0/24       AC:  5    Str:  7 (8)  XL:     3   Next: 18%
Magic:  0/6        EV: 12    Int: 14 (15) God:
Gold:   64         SH:  0    Dex: 11 (14) Spells: 0/6 levels left

rFire    . . .     SeeInvis .   d - +0 dagger
rCold    . . .     Gourm    .   (no shield)
rNeg     . . .     Faith    .   b - +1 leather armour
rPois    .         Spirit   .   (no helmet)
rElec    .         Reflect  .   (no cloak)
rCorr    .         Harm     .   (no gloves)
MR       .....                  k - +0 pair of boots
Stlth    ++........             (no amulet)
HPRegen  0.08/turn              (no ring)
MPRegen  0.10/turn              (no ring)

@: lethally poisoned (0 -> -8)
A: change form in water, swift swim, stealthy swim
a: no special abilities


You were on level 2 of the Dungeon.
You were hungry.

You visited 1 branch of the dungeon, and saw 2 of its levels.

You collected 64 gold pieces.

Inventory:

Hand Weapons
 d - a +0 dagger (weapon)
Missiles
 h - 8 javelins (quivered)
 i - 43 arrows
 o - 41 stones
 r - 6 atropa-tipped darts
Armour
 a - a +0 robe
 b - a +1 leather armour (worn)
 k - a +0 pair of boots (worn)
Jewellery
 p - an uncursed ring of wizardry {unknown}
Scrolls
 q - a scroll of remove curse {unknown}
 s - a scroll of amnesia {unknown}
Potions
 e - a potion of stabbing
 g - a potion of curing {unknown}
 j - a potion of degeneration
 l - a potion of ambrosia {unknown}
 m - a potion of cancellation {unknown}
 n - a potion of haste {unknown}
Comestibles
 c - 7 rations
 f - 3 chunks of flesh


   Skills:
 + Level 0.1 Short Blades
 + Level 0.7 Armour
 + Level 3.0 Dodging
 + Level 2.1 Stealth
 + Level 2.3 Spellcasting
 + Level 0.8 Conjurations
 + Level 2.8 Air Magic


You couldn't memorise any spells.
You knew the following spells:

 Your Spells              Type           Power        Failure   Level  Hunger
a - Shock                 Conj/Air       #...         16%         1    #......
b - Swiftness             Chrm/Air       #.......     28%         2    ###....
c - Static Discharge      Conj/Air       #.......     43%         3    ###....

Your spell library contained the following spells:

 Spells                   Type           Power        Failure   Level  Hunger
 Airstrike                Air            #.........   71%         4    #####..
 Lightning Bolt           Conj/Air       #.........   99%         5    ######.


Dungeon Overview and Level Annotations

Branches:
Dungeon (2/15)

Altars:


Message History

Confirm with . or Enter, or press ? or * to list all spells.
Aiming: Shock (safe; 16% risk of failure)
Press: ? - help, Shift-Dir - straight line That beam is likely to hit you.
Continue anyway?
The zap misses you. The adder completely misses you.
Casting: Shock (safe; 16% risk of failure)
Confirm with . or Enter, or press ? or * to list all spells.
Aiming: Shock (safe; 16% risk of failure)
Press: ? - help, Shift-Dir - straight line That beam is likely to hit you.
Continue anyway?
The zap hits you.
* * * LOW HITPOINT WARNING * * *
x2 You feel sick.
The adder bites you but does no damage.
Casting: Shock (safe; 16% risk of failure)
Confirm with . or Enter, or press ? or * to list all spells.
Aiming: Shock (safe; 16% risk of failure)
Press: ? - help, Shift-Dir - straight line That beam is likely to hit you.
Continue anyway?
The zap hits you.
You die...

##.....# #....##
#....##.##
...#####..# ##
##.## ##..####..
###..........
##...##.####..
#S@### ...
#................
......!...........
################..
..


You could see an adder.

Vanquished Creatures
  An ooze (D:1)
  2 dart slugs (D:1)
  A leopard gecko (D:1)
  4 goblins (D:1)
  A hobgoblin (D:1)
  2 jackals (D:1)
  3 kobolds (D:1)
  A quokka (D:2)
  A bat (D:2)
  4 rats (D:1)
20 creatures vanquished.

Notes
Turn   | Place    | Note
-------+----------+-------------------------------------------
     0 | D:1      | Cunning1Sparkmage the Merfolk Air Elementalist began the
                  | quest for the Orb.
     0 | D:1      | Reached XP level 1. HP: 13/13 MP: 3/3
    58 | D:1      | Reached skill level 3 in Dodging
   348 | D:1      | Reached XP level 2. HP: 4/19 MP: 0/5
   352 | D:1      | Learned a level 2 spell: Swiftness
  1228 | D:1      | Reached XP level 3. HP: 22/24 MP: 6/6
  1233 | D:1      | Learned a level 3 spell: Static Discharge
  1625 | D:2      | Killed themself with a bounced zap

Illustrated notes

Levels and vault maps discovered:
D:1:      co_arrival_square_in_a_square_in_a_square, layout_basic, hex_tiny
D:2:      layout_rooms

Skill      XL: |  1 |
---------------+----+-----
Dodging        | 3 |  3.0
Short Blades   | |  0.1
Armour         | |  0.7
Stealth        | |  2.1
Spellcasting   | |  2.3
Conjurations   | |  0.8
Air Magic      | |  2.8

Action                   || total
-------------------------++-------
Melee: Dagger            ||    96
       Unarmed           ||    12
 Cast: Shock             ||    19
  Use: Potion            ||     4
       Scroll            ||     2
 Stab: Sleeping          ||     1
  Eat: Chunk             ||     2
Armor: Leather armour    ||    48
Dodge: Dodged            ||    87
